Map: 2000 Atmospheres LE

Players

A.I. 1 (Elite)

  • Race: Zerg Zerg

MaxPax - Winner!

  • Race: Protoss Protoss
  • League: Platinum

VOD

Have the link to the VOD?

Description

The cybercore got delayed by a good 5 seconds because I am pretty low-apm a.k.a trash. If you follow the build order defined here you can hit an earlier DT in opponent base timing: https://lotv.spawningtool.com/build/163434/

Time

  • Played on: March 20, 2022, 6:28 p.m.
  • Length: 7:24
Show
View Real Time Build Order
Export as new Build Order

A.I. 1 (Elite) Zerg 

Build Orders: Pool First 

Get SALT Encoding   

  12  0:00  Drone  
  13  0:12  Overlord  
  13  0:16  Drone  
  14  0:30  Drone x2  
  16  0:42  Spawning Pool  
  15  0:44  Drone  
  15  0:48  Drone  
  17  1:12  Hatchery  
  17  1:14  Drone  
  17  1:16  Extractor  
  16  1:19  Drone  
  16  1:22  Drone  
  18  1:28  Drone  
  19  1:38  Overlord  
  19  1:49  Queen, Drone  
  22  2:00  Zergling x2  
  23  2:10  Drone  
  24  2:21  Drone  
  25  2:25  Queen  
  25  2:26  Roach Warren  
  25  2:29  Drone  
  27  2:33  Extractor  
  26  2:37  Drone  
  26  2:42  Overlord  
  27  2:47  Drone  
  27  2:49  Drone  
  29  2:53  Drone  
  29  2:56  Drone  
  29  2:58  Drone  
  32  3:01  Zergling x2  
  33  3:06  Zergling x2  
  33  3:10  Roach  
  36  3:14  Roach  
  36  3:18  Roach  
  40  3:21  Roach  
  43  3:27  Drone x2  
  43  3:31  Overlord  
  44  3:38  Lair  
  44  3:43  Metabolic Boost  
  44  3:48  Overlord  
  44  3:50  Drone  
  44  3:53  Drone  
  44  3:54  Drone  
  47  3:57  Zergling x2  
  47  3:59  Zergling x2  
  47  4:02  Zergling x2  
  50  4:08  Evolution Chamber  
  50  4:09  Drone  
  50  4:15  Spore Crawler  
  49  4:21  Drone  
  48  4:25  Drone  
  48  4:28  Spore Crawler  
  48  4:30  Drone  
  47  4:34  Drone  
  39  4:47  Queen  
  39  4:52  Drone  
  40  4:55  Drone  
  40  4:58  Drone  
  41  5:04  Roach  
  41  5:10  Roach  
  43  5:23  Drone  
  43  5:26  Overseer  
  43  5:27  Hydralisk Den  
  36  5:42  Roach  
  33  5:47  Zergling x2  
  27  5:56  Hydralisk  
  14  6:01  Drone  
  10  6:12  Drone  
  10  6:17  Drone  
  10  6:26  Drone  
  9  6:33  Drone  
  10  6:40  Drone  
  10  6:47  Drone  
Show
View Real Time Build Order
Export as new Build Order

MaxPax Protoss - Winner!

Build Orders: Dark Templar Rush 

Get SALT Encoding   

  12  0:09  Pylon  
  12  0:13  Probe  
  13  0:27  Probe (Chrono Boost)  
  14  0:32  Gateway  
  15  0:35  Probe (Chrono Boost)  
  15  0:42  Probe  
  15  0:46  Assimilator  
  16  0:52  Assimilator  
  16  0:55  Probe  
  17  1:07  Probe (Chrono Boost)  
  18  1:16  Probe (Chrono Boost)  
  19  1:23  Cybernetics Core  
  19  1:24  Probe  
  20  1:33  Forge  
  20  1:36  Probe  
  21  1:46  Pylon  
  21  1:52  Probe  
  22  2:05  Robotics Facility  
  22  2:10  Twilight Council  
  22  2:11  Probe  
  22  2:13  Warp Gate (Chrono Boost)  
  23  2:24  Probe  
  23  2:25  Pylon  
  24  2:38  Probe  
  25  2:46  Dark Shrine  
  25  2:51  Warp Prism (Chrono Boost)  
  27  3:09  Gateway  
  27  3:13  Gateway  
  27  3:31  Shield Battery  
  27  3:45  Photon Cannon  
  27  4:06  Dark Templar x2  
  27  4:08  Dark Templar  
  33  5:09  Dark Templar x2  
  37  5:28  Pylon  
  37  5:32  Charge (Chrono Boost)  
  37  5:34  Nexus  
  37  5:35  Gateway  
  37  5:37  Gateway  
  37  5:49  Assimilator  
  35  5:53  Stalker  
  35  5:54  Stalker  
  39  5:58  Stalker  
  41  6:16  Shield Battery  
  41  6:19  Probe  
  41  6:25  Pylon  
  42  6:28  Stalker x2  
  46  6:48  Gateway x2  
  46  6:53  Probe (Chrono Boost)  
  47  6:58  Probe (Chrono Boost)  
  48  7:02  Zealot  
  48  7:03  Zealot x3  
  48  7:04  Probe (Chrono Boost)  
  48  7:07  Probe (Chrono Boost)  
  58  7:12  Probe (Chrono Boost)  
Tags
 
Add a new tag
Caveats
  • Supply blocks, unpowered buildings, or Contaminate may cause inaccurate times.
  • Supply counts are checked every 10 seconds.